 Dungeon Crawl Stone Soup version 0.32-a0-22-g6ae6769602 (webtiles) character file.

Game seed: 6230262688185212522

70110 donath the Blinker (level 14, -4/72 HPs)
             Began as a Spriggan Warper on Sept 27, 2023.
             Was a High Priest of Vehumet.
             Slain by a white ugly thing (32 damage)
             ... on level 13 of the Dungeon on Jan 19, 2024.
             The game lasted 07:17:22 (23530 turns).

donath the Blinker (Spriggan Warper)               Turns: 23530, Time: 07:17:23

Health: -4/72      AC:  6    Str:  7    XL:     14   Next: 92%
Magic:  12/31      EV: 25    Int: 20    God:    Vehumet [*****.]
Gold:   943        SH:  5    Dex: 14    Spells: 1/37 levels left

rFire   . . .        b - +0 orcbow
rCold   . . .        (shield currently unavailable)
rNeg    . . .        l - +0 troll leather armour
rPois   .            y - +2 hat
rElec   .            P - +0 cloak
rCorr   .            (gloves unavailable)
SInv    +            (boots unavailable)
Will    +++..        m - amulet of reflection
Stlth   +++++        W - +5 ring of evasion
HPRegen 1.12/turn    M - ring of willpower
MPRegen 0.22/turn

%: reflection
@: very quick
A: very small, no large weapons, unfitting armour, see invisible, speed 3
a: Renounce Religion


You were on level 13 of the Dungeon.
You worshipped Vehumet.
Vehumet was extremely pleased with you.
You visited 4 branches of the dungeon, and saw 21 of its levels.
You also visited: Bailey.

You collected 1630 gold pieces.
You spent 687 gold pieces at shops.

Inventory:

Hand Weapons
 a - a +1 dagger of venom
 b - a +0 orcbow (weapon)
 d - a +2 long sword of holy wrath
 j - a +0 vampiric short sword
 r - a +3 rapier
 s - a +2 scimitar of flaming
 w - the +3 trident of Infinite Pain {holy, Str+4}
   (You found it on level 11 of the Dungeon)

   Str+4:     It affects your strength (+4).
 X - a +0 dagger of holy wrath
Missiles
 f - 6 curare-tipped darts
 i - 29 boomerangs
 z - 42 poisoned darts
 O - 8 throwing nets
Armour
 l - a +0 troll leather armour (worn)
 y - a +2 hat (worn)
 P - a +0 cloak (worn)
Jewellery
 k - a +6 ring of strength
 m - an amulet of reflection (around neck)
 A - a ring of ice
 F - a ring of positive energy
 G - a +4 ring of protection
 I - a ring of flight
 K - an amulet of the acrobat
 M - a ring of willpower (right hand)
 R - a ring of resist corrosion
 W - a +5 ring of evasion (left hand)
Talismans
 J - a serpent talisman
Wands
 n - a wand of charming (14)
 H - a wand of quicksilver (2)
 L - a wand of flame (39)
 S - a wand of mindburst (13)
Scrolls
 c - 5 scrolls of blinking
 e - 3 scrolls of revelation
 h - 11 scrolls of teleportation
 p - 4 scrolls of fear
 v - 3 scrolls of fog
 D - a scroll of enchant armour
 V - a scroll of amnesia
Potions
 g - 9 potions of curing
 o - a potion of brilliance
 q - 2 potions of haste
 t - 2 potions of invisibility
 u - 2 potions of lignification
 x - 3 potions of resistance
 B - 4 potions of heal wounds
 C - 4 potions of mutation
 E - 2 potions of cancellation
 N - 3 potions of enlightenment
 U - 2 potions of ambrosia
Miscellaneous
 Q - a sack of spiders


   Skills:
 - Level 7.0 Fighting
 * Level 8.1 Short Blades
 - Level 0.5 Maces & Flails
 - Level 2.0 Polearms
 - Level 12.0 Ranged Weapons
 - Level 2.0 Throwing
 + Level 9.2 Dodging
 - Level 11.3 Stealth
 - Level 12.1 Spellcasting
 - Level 1.0 Conjurations
 * Level 3.3 Hexes
 - Level 3.0 Summonings
 - Level 15.0 Translocations
 - Level 2.0 Ice Magic
 - Level 2.0 Air Magic
 - Level 2.1 Alchemy
 + Level 7.1 Evocations
 + Level 6.0 Shapeshifting


You had one spell level left.
You knew the following spells:

 Your Spells              Type           Power      Damage    Failure   Level
a - Shock                 Conj/Air       72%        1d7       1%          1
b - Blink                 Tloc           100%       N/A       1%          2
c - Mephitic Cloud        Conj/Alch/Air  19%        N/A       3%          3
d - Manifold Assault      Tloc           64%        N/A       1%          4
e - Teleport Other        Tloc           64%        N/A       1%          3
f - Summon Forest         Summ/Tloc      24%        N/A       6%          5
g - Vhi's Electric Charg  Tloc/Air       92%        N/A       2%          4
h - Ensorcelled Hibernat  Hex/Ice        44%        N/A       4%          2
i - Freeze                Ice            80%        1d9       1%          1
j - Lesser Beckoning      Tloc           100%       N/A       1%          2
r - Frozen Ramparts       Ice            40%        1d7       3%          3
x - Dispersal             Tloc           32%        N/A       2%          6

Your spell library contained the following spells:

 Spells                   Type           Power      Damage    Failure   Level
 Orb of Destruction       Conj           8%         9d6       100%        7
 Magic Dart               Conj           64%        1d6       1%          1
 Summon Small Mammal      Summ           96%        N/A       2%          1
 Mercury Vapours          Alch/Air       40%        N/A       1%          2
 Gell's Gravitas          Tloc           64%        N/A       1%          3
 Searing Ray              Conj           32%        2d5       2%          2
 Cigotuvi's Dreadful Rot  Necr/Alch/Air  34%        N/A       7%          2
 Call Canine Familiar     Summ           24%        N/A       8%          3
 Fulminant Prism          Conj/Alch      9%         3d6       12%         4
 Ignite Poison            Fire/Alch      16%        N/A       14%         4
 Cause Fear               Hex            12%        N/A       22%         4
 Fugue of the Fallen      Necr           12%        N/A       26%         3
 Freezing Cloud           Conj/Ice/Air   9%         6-21      28%         5
 Arcjolt                  Conj/Air       9%         1d19      30%         5
 Anguish                  Hex/Necr       9%         N/A       38%         4
 Summon Blazeheart Golem  Fire/Summ      18%        N/A       41%         4
 Fireball                 Conj/Fire      7%         3d5       41%         5
 Leda's Liquefaction      Alch/Erth      8%         N/A       47%         4
 Petrify                  Alch/Erth      16%        N/A       47%         4
 Metabolic Englaciation   Hex/Ice        11%        N/A       61%         5
 Animate Dead             Necr           12%        N/A       63%         4
 Malign Gateway           Summ/Tloc      24%        N/A       87%         7
 Plasma Beam              Fire/Air       8%         2x1d18    88%         6
 Haunt                    Necr/Summ      9%         N/A       100%        7
 Infestation              Necr           6%         N/A       100%        8
 Dragon's Call            Summ           12%        N/A       100%        9


Dungeon Overview and Level Annotations

Branches:
Dungeon (13/15)            Temple (1/1) D:6            Lair (5/5) D:10
 Shoals (0/4) Lair:2       Spider (0/4) Lair:3          Orc (2/2) D:9
    Elf (0/3) Orc:2        Vaults (0/5) D:13         Bailey (visited)
  Slime: Lair:4-5

Altars:
Ashenzari
Cheibriados
Dithmenos
Elyvilon
Fedhas
Gozag
Hepliaklqana
Kikubaaqudgha
Makhleb
Nemelex Xobeh
Okawaru
Qazlal
Ru
Sif Muna
Trog
Uskayaw
Vehumet
Wu Jian
Xom
Yredelemnul
Zin
The Shining One

Shops:
D:8 (   Orc:1 :   Orc:2 :([(

Annotations:
D:5 Maggie
Orc:1 Jorgrun


Innate Abilities, Weirdness & Mutations

You are very small and have problems with some larger weapons.
You are too small for most types of armour.
You have supernaturally acute eyesight. (SInv)
You cover ground extremely quickly. (Speed+++)


Message History

Your dryad hits the white ugly thing.
You hit the white ugly thing but do no damage.
The white ugly thing is almost dead.
The ettin is hit by a branch!
The white ugly thing kicks you! The white ugly thing freezes you!!
Unknown command.
The trees move their gnarly branches around.
The ettin is hit by a branch!
The forest calms down.
Your dryad hits the white ugly thing. The white ugly thing kicks your dryad!
The white ugly thing freezes your dryad!!
Your dryad dies!
Your dryad's corpse disappears in a puff of smoke!
The white ugly thing gurgles horribly!
The ettin shouts in stereo!
Your +1 dagger of venom begins to drip with poison!
a - a +1 dagger of venom (weapon)
Your +1 dagger of venom stops dripping with poison.
b - a +0 orcbow (weapon)
Fire: b) +0 orcbow
Press: ? - help, Q - select action, (/) - cycle Shift-Dir - straight line, f/p - white ugly thing
Aim: a white ugly thing (almost dead, 63% to hit)
You shoot an arrow.
The arrow hits the white ugly thing but does no damage.
The white ugly thing is almost dead.
Space becomes stable.
Casting: Manifold Assault (safe; 1% risk of failure)
Confirm with . or Enter, or press ? or * to list all spells.
Aiming: Mephitic Cloud (dangerous; 3% risk of failure)
Press: ? - help, Shift-Dir - straight line, f/p - white ugly thing
Aim: a white ugly thing (almost dead, chance to affect: 43%)
The ball explodes into a vile cloud!
The stinking cloud engulfs the white ugly thing.
The white ugly thing is almost dead.
The stinking cloud engulfs the ettin.
The ettin is heavily wounded.
The white ugly thing is engulfed in noxious fumes.
The ettin is engulfed in noxious fumes.
The white ugly thing attacks as it pursues you!
The white ugly thing kicks you! The white ugly thing freezes you!!
You die...

..............##>#
....♣.........##.#
.##.#.........##)#
..#.#.........♣#.##
#.#.#.....)...♣#..#
#.#...........♣##.#
#.##........§.# #.#
#.#♣#.......§C###.#######
#.# #.###♣♣###.u@.......#
#.# #.# #..........# #.#
♣.# #..........# #.##♣.#
#..........# #..##..#
#..........# ##..##...
#..........# ###.# ##...
#..........# ###.##
....############# ..#..#
...#


You could see a white ugly thing and an ettin.

Vanquished Creatures
  An orc warlord (Orc:2)
  Snorg (Orc:2)
  An ettin (Orc:2)
  2 hydras
  2 ogre magi (Orc:2)
  Erica (Lair:1)
  9 two-headed ogres
  2 centaur warriors (D:13)
  A skyshark (Lair:4)
  2 deep trolls
  2 orc knights
  2 deep elf pyromancers
  An ugly thing (D:13)
  3 orc sorcerers
  2 cyclopes (Orc:2)
  5 elephants
  2 black mambas
  A gargoyle (D:11)
  3 cane toads
  3 kobold demonologists (D:10)
  A freezing wraith (D:13)
  2 rime drakes
  9 komodo dragons
  An unseen horror (shapeshifter) (D:13)
  4 merfolk (Lair:2)
  A hornet (D:10)
  Grinder (D:6)
  A polar bear (Lair:3)
  10 trolls
  2 dream sheep (Lair:1)
  A spriggan (shapeshifter) (D:13)
  A wraith (D:11)
  3 wyverns
  23 yaks
  2 basilisks
  Grum (D:8)
  A warg (Orc:2)
  An acid dragon (D:9)
  7 water moccasins
  14 orc warriors
  2 sky beasts
  A black bear (D:4)
  18 ogres
  8 wolves
  4 centaurs
  2 phantoms
  7 kobold brigands
  14 bullfrogs
  3 scorpions
  12 wights
  10 killer bees
  9 howler monkeys
  5 hounds
  A gnoll bouda (Lair:1)
  16 orc priests
  2 iguanas (D:5)
  24 orc wizards
  17 gnolls
  2 adders
  A shadow imp (D:6)
  2 white imps
  A ribbon worm (D:2)
  2 dart slugs
  56 orcs
  6 endoplasms
  7 goblins
  4 hobgoblins
  6 quokkas
  5 ball pythons
  A frilled lizard (D:3)
  10 kobolds
  4 rats
  A butterfly (Lair:2)
395 creatures vanquished.

Vanquished Creatures (collateral kills)
  Harold (D:10)
  A two-headed ogre (D:12)
  A wolf spider (Lair:3)
  A lindwurm (Lair:4)
  An elephant (Lair:4)
  A kobold demonologist (D:6)
  3 cane toads
  A rime drake (Lair:3)
  A polar bear (Lair:5)
  A jumping spider (Lair:3)
  A yak (Lair:4)
  A wyvern (Lair:5)
  A basilisk (Lair:5)
  2 vampire mosquitoes (D:13)
  4 water moccasins
  The ghost of HilariousDeathArtist the Trooper, an amateur MiMo (D:6)
  3 wolves (Lair:5)
  2 bullfrogs
  5 kobold brigands (D:6)
  An orc (D:12)
33 creatures vanquished.

Vanquished Creatures (others)
  An unseen horror (D:10)
  2 snaplasher vines
3 creatures vanquished.

Grand Total: 431 creatures vanquished

Notes
Turn   | Place    | Note
-------+----------+-------------------------------------------
     0 | D:1      | donath the Spriggan Warper began the quest for the Orb.
     0 | D:1      | Reached XP level 1. HP: 10/10 MP: 5/5
   115 | D:1      | Reached skill level 1 in Stealth
   116 | D:1      | Upgraded the game from 0.31-a0-836-g3ceb0a68c4 to
                  | 0.31-a0-963-ga325b2283a
   338 | D:1      | Reached XP level 2. HP: 10/14 MP: 6/6
   355 | D:1      | Learned a level 2 spell: Blink
   905 | D:2      | Found a faded altar of an unknown god.
   922 | D:2      | Prayed at the altar of an unknown god.
   922 | D:2      | Became a worshipper of Vehumet
   922 | D:2      | Reached * piety under Vehumet
   922 | D:2      | Offered knowledge of Shock by Vehumet.
   925 | D:2      | Learned a level 1 spell: Shock
  1290 | D:2      | Found an ancient bone altar of Kikubaaqudgha.
  1315 | D:2      | Reached XP level 3. HP: 18/18 MP: 4/8
  1482 | D:3      | Learned a level 3 spell: Teleport Other
  1580 | D:3      | Noticed a scorpion
  1930 | D:3      | Reached XP level 4. HP: 8/22 MP: 3/9
  2201 | D:3      | Killed a scorpion
  2202 | D:3      | Reached XP level 5. HP: 26/26 MP: 9/11
  2634 | D:4      | Noticed a black bear
  2707 | D:4      | Killed a black bear
  2708 | D:4      | Reached skill level 1 in Air Magic
  2858 | D:5      | Entered Level 5 of the Dungeon
  2930 | D:5      | Found a glowing golden altar of the Shining One.
  2953 | D:5      | Offered knowledge of Freeze by Vehumet.
  2954 | D:5      | Reached XP level 6. HP: 30/30 MP: 8/13
  2956 | D:5      | Learned a level 1 spell: Freeze
  3175 | D:4      | Reached ** piety under Vehumet
  3565 | D:4      | Reached skill level 1 in Conjurations
  3909 | D:5      | Reached skill level 1 in Ice Magic
  4076 | D:5      | Reached skill level 5 in Translocations
  4084 | D:5      | Learned a level 4 spell: Manifold Assault
  4175 | D:5      | Reached skill level 1 in Polearms
  4175 | D:5      | Reached XP level 7. HP: 36/36 MP: 14/14
  4541 | D:6      | Noticed Maggie
  4720 | D:6      | Found a staircase to the Ecumenical Temple.
  4720 | D:6      | Noticed Grinder
  4801 | D:6      | Reached skill level 5 in Stealth
  4847 | D:6      | Reached skill level 5 in Spellcasting
  4954 | D:6      | Offered knowledge of Scorch by Vehumet.
  4955 | D:6      | Reached skill level 6 in Translocations
  5091 | D:6      | Noticed a kobold demonologist
  5098 | D:6      | Noticed HilariousDeathArtist's ghost (amateur MiMo)
  5102 | D:6      | Found a runed translucent gate.
  5103 | D:6      | Found a runed translucent gate.
  5104 | D:6      | Found a runed translucent gate.
  5214 | D:6      | Reached skill level 7 in Translocations
  5273 | D:6      | Reached XP level 8. HP: 35/40 MP: 16/16
  5374 | D:7      | Reached skill level 8 in Translocations
  5424 | D:7      | Reached *** piety under Vehumet
  6337 | D:8      | Offered knowledge of Sticky Flame by Vehumet.
  6338 | D:8      | Reached skill level 9 in Translocations
  6338 | D:8      | Reached XP level 9. HP: 31/44 MP: 13/20
  6518 | D:8      | Found Kaojepho's Antique Weapon Shoppe.
  6521 | D:8      | Bought a glowing dagger for 95 gold pieces
  6543 | D:8      | Noticed a two-headed ogre
  6603 | D:8      | Killed a two-headed ogre
  6847 | D:8      | Noticed a troll
  7076 | D:8      | Reached skill level 1 in Ranged Weapons
  7312 | D:8      | Found a bloodstained altar of Trog.
  7342 | D:8      | Learned a level 3 spell: Mephitic Cloud
  7478 | D:8      | Noticed Grum
  7493 | D:8      | Reached skill level 1 in Alchemy
  7498 | D:8      | Learned a level 4 spell: Vhi's Electric Charge
  7660 | D:8      | Killed Grum
  7971 | D:8      | Found an iron altar of Okawaru.
  8155 | D:9      | Reached XP level 10. HP: 49/49 MP: 18/24
  8328 | D:9      | Found a flagged portal.
  8342 | D:9      | Reached skill level 10 in Spellcasting
  8522 | D:9      | Learned a level 2 spell: Lesser Beckoning
  8549 | D:9      | Reached **** piety under Vehumet
  8734 | Bailey   | Entered a bailey
  8833 | Bailey   | Offered knowledge of Frozen Ramparts by Vehumet.
  8838 | Bailey   | Learned a level 3 spell: Frozen Ramparts
  9181 | Bailey   | Noticed an orc knight
  9390 | Bailey   | Killed an orc knight
 10268 | D:9      | Reached skill level 5 in Fighting
 10288 | D:9      | Found a staircase to the Orcish Mines.
 10353 | D:10     | Entered Level 10 of the Dungeon
 10506 | Orc:1    | Entered Level 1 of the Orcish Mines
 10553 | Orc:1    | Reached skill level 10 in Translocations
 10665 | Orc:1    | Noticed an orc sorcerer
 10870 | D:8      | Reached skill level 1 in Evocations
 11131 | Temple   | Entered the Ecumenical Temple
 11287 | D:6      | Killed Grinder
 11288 | D:6      | Reached skill level 5 in Short Blades
 11407 | D:6      | Upgraded the game from 0.31-a0-963-ga325b2283a to
                  | 0.32-a0-20-ge526923d97
 11580 | Orc:1    | Killed an orc sorcerer
 11616 | Orc:1    | Found Bahoocoq's Book Shop.
 11637 | Orc:1    | Noticed an orc sorcerer
 11678 | Orc:1    | Killed an orc sorcerer
 11679 | Orc:1    | Reached skill level 5 in Shapeshifting
 11682 | Orc:1    | Reached ***** piety under Vehumet
 11758 | Orc:1    | Noticed Jorgrun
 11789 | Orc:2    | Entered Level 2 of the Orcish Mines
 11966 | Orc:2    | Offered knowledge of Bombard by Vehumet.
 12212 | Orc:2    | Found a staircase to the Elven Halls.
 12572 | Orc:2    | Reached XP level 11. HP: 55/55 MP: 21/26
 12677 | Orc:2    | Noticed an orc knight
 12798 | Orc:2    | Killed an orc knight
 13105 | Orc:2    | Noticed an orc warlord
 13130 | Orc:2    | Noticed a two-headed ogre
 13194 | Orc:2    | Noticed an ogre mage
 13221 | Orc:2    | Noticed an ettin
 13291 | Orc:2    | Reached skill level 5 in Dodging
 13629 | Orc:2    | Noticed a deep troll
 13659 | Orc:2    | Killed a deep troll
 13660 | Orc:2    | Reached skill level 5 in Ranged Weapons
 13745 | Orc:2    | Killed an ettin
 13911 | Orc:2    | Killed an ogre mage
 13912 | Orc:2    | Reached skill level 10 in Stealth
 13956 | Orc:2    | Noticed a two-headed ogre
 13993 | Orc:2    | Killed a two-headed ogre
 14060 | Orc:2    | Noticed an ogre mage
 14434 | Orc:2    | Noticed a deep troll
 14511 | Orc:1    | Killed a deep troll
 14546 | Orc:2    | Noticed a two-headed ogre
 14567 | Orc:2    | Killed a two-headed ogre
 14581 | Orc:2    | Noticed a two-headed ogre
 14635 | Orc:2    | Killed a two-headed ogre
 14636 | Orc:2    | Reached XP level 12. HP: 61/61 MP: 27/27
 14647 | Orc:2    | Upgraded the game from 0.32-a0-20-ge526923d97 to
                  | 0.32-a0-22-g6ae6769602
 14663 | Orc:2    | Noticed Snorg
 14701 | Orc:2    | Killed Snorg
 14843 | Orc:2    | Noticed a two-headed ogre
 14860 | Orc:2    | Killed a two-headed ogre
 14877 | Orc:2    | Noticed a two-headed ogre
 14934 | Orc:2    | Killed a two-headed ogre
 14953 | Orc:2    | Noticed a two-headed ogre
 14961 | Orc:2    | Killed a two-headed ogre
 14970 | Orc:2    | Killed a two-headed ogre
 14971 | Orc:2    | Reached skill level 10 in Ranged Weapons
 15031 | Orc:2    | Found Rocw's Weapon Shoppe.
 15032 | Orc:2    | Found Atrepyu's Armour Shoppe.
 15037 | Orc:2    | Found Neiwn's Weapon Boutique.
 15039 | Orc:2    | Bought 3 atropa-tipped darts for 32 gold pieces
 15046 | Orc:2    | Found Efit's Book Emporium.
 15272 | Orc:2    | Killed an orc warlord
 15421 | Orc:2    | Killed an ogre mage
 15471 | Orc:1    | Bought Dispater's Opusculum on Convocation for 560 gold
                  | pieces
 15479 | Orc:1    | Learned a level 5 spell: Summon Forest
 15568 | D:10     | Found a staircase to the Lair.
 15644 | D:10     | Offered knowledge of Arcjolt by Vehumet.
 15663 | D:10     | Reached skill level 1 in Summonings
 15801 | D:10     | Paralysed by a hornet for 1 turns
 16148 | D:10     | Noticed Harold
 16517 | Lair:1   | Entered Level 1 of the Lair of Beasts
 16743 | Lair:1   | Reached skill level 5 in Evocations
 17163 | Lair:1   | Reached XP level 13. HP: 53/65 MP: 7/28
 17357 | Lair:1   | Noticed Erica
 17527 | Lair:1   | Killed Erica
 17528 | Lair:1   | Reached skill level 11 in Translocations
 18358 | Lair:2   | Found a staircase to the Shoals.
 18967 | Lair:3   | Reached skill level 12 in Translocations
 19092 | Lair:3   | Reached skill level 14 in Translocations
 19092 | Lair:3   | Reached XP level 14. HP: 70/70 MP: 29/31
 19152 | Lair:3   | Found a hole to the Spider Nest.
 19356 | Lair:3   | Offered knowledge of Orb of Destruction by Vehumet.
 20223 | Lair:5   | Entered Level 5 of the Lair of Beasts
 20484 | Lair:5   | Reached skill level 15 in Translocations
 20957 | Lair:4   | Learned a level 6 spell: Dispersal
 21355 | D:6      | Killed HilariousDeathArtist's ghost
 21975 | D:10     | Killed Harold
 22093 | D:11     | Learned a level 2 spell: Ensorcelled Hibernation
 22135 | D:11     | Reached skill level 1 in Hexes
 22291 | D:11     | Identified the +3 trident of Infinite Pain {holy, Str+4}
 23373 | D:13     | Found a gate to the Vaults.
 23530 | D:13     | Slain by a white ugly thing

Illustrated notes

Levels and vault maps discovered:
D:1:      saegor_arrival_simple_a, layout_basic, dreamdust_princess_corridor,
          minmay_misc_feat_cross
D:2:      layout_basic, basic_altar, hellmonk_ecumenical_altar_arch_garden
D:3:      layout_loops_ring
D:4:      layout_loops_cross
D:5:      layout_loops_ring, overflow_temple_1_default
D:6:      layout_basic, minmay_temple_entry_drinking_statues,
          gammafunk_ghost_nasty_kobolds, uniq_maggie, uniq_grinder
D:7:      layout_rooms, reono_crystal_passage
D:8:      layout_basic, mainiacjoe_overflow_catwalk_spiral, serial_shops,
          kennysheep_mini, nicolae_figureground_pulse, uniq_grum
D:9:      layout_gridville, orc_0_dummy, enter_bailey_3
D:10:     layout_basic, lair_entry_dummy, eino_small_chamber_without_monster,
          uniq_harold
D:11:     layout_small_grid
D:12:     layout_gridville, chequers_arboretum, hex_medium
D:13:     layout_rooms, david_vaults_4
Temple:   hellmonk_temple_of_storms
Lair:1:   layout_gridlike, dreamdust_gnoll_shepherd, uniq_erica
Lair:2:   layout_loops_ring, elwin_shoals_entry_stream, grunt_megastairs_2,
          lemuel_fruit_fields
Lair:3:   layout_gridlike, spider_nest_entry_rubble, lemuel_fruit_fields
Lair:4:   layout_cave_pods
Lair:5:   minmay_lair_end_enchanted_forest, layout_gridlike,
          minmay_slime_entry_oklob_enclosed, grunt_megastairs_3
Orc:1:    layout_diamond_mine, serial_shops, shop, uniq_jorgrun
Orc:2:    st_orc_open, layout_diamond_mine, uniq_snorg

Skill      XL: |  1  2  3  4  5  6  7  8  9 10 11 12 13 14 |
---------------+-------------------------------------------+-----
Stealth        | 2 3 4 6 7 8 10 11 | 11.3
Short Blades   | 3 4 6 8 |  8.1
Spellcasting   | 3 4 5 7 9 10 12 | 12.1
Fighting       | 2 3 4 5 6 7 |  7.0
Air Magic      | 1 2 |  2.0
Conjurations   | 1 |  1.0
Ice Magic      | 1 2 |  2.0
Translocations | 5 7 9 10 14 15 | 15.0
Polearms       | 1 2 |  2.0
Dodging        | 4 6 7 9 |  9.2
Throwing       | 2 |  2.0
Shapeshifting  | 2 4 5 6 |  6.0
Ranged Weapons | 3 4 8 11 12 | 12.0
Alchemy        | 2 |  2.1
Evocations     | 2 5 7 |  7.1
Summonings     | 2 3 |  3.0
Hexes          | 3 |  3.3
Maces & Flails | |  0.5

Action                     |  1- 3 |  4- 6 |  7- 9 | 10-12 | 13-15 || total
---------------------------+-------+-------+-------+-------+-------++-------
  Melee: Short sword       |    72 |    50 |       |   187 |    10 ||   319
         Dagger            |    63 |    17 |    84 |   474 |   333 ||   971
         Trident           |       |    22 |   219 |    17 |     3 ||   261
         Punch             |       |       |     1 |    12 |     4 ||    17
         Sling             |       |       |     1 |       |       ||     1
         Rapier            |       |       |       |    45 |    53 ||    98
         Scimitar          |       |       |       |       |    48 ||    48
         Long sword        |       |       |       |       |    17 ||    17
   Fire: Sling             |       |       |    22 |    77 |       ||    99
         Orcbow            |       |       |       |   199 |   213 ||   412
  Throw: Stone             |     8 |     3 |     2 |       |       ||    13
         Dart              |       |       |     1 |    40 |    31 ||    72
         Boomerang         |       |       |       |    13 |     4 ||    17
   Cast: Shock             |    20 |    54 |    41 |    58 |    14 ||   187
         Teleport Other    |     1 |     2 |     1 |       |     1 ||     5
         Blink             |       |     1 |     1 |    10 |    11 ||    23
         Freeze            |       |     5 |     5 |       |     5 ||    15
         Manifold Assault  |       |       |    54 |    88 |    73 ||   215
         Mephitic Cloud    |       |       |    10 |   110 |    30 ||   150
         Frozen Ramparts   |       |       |       |    77 |    25 ||   102
         Vhi's Electric Ch |       |       |       |     3 |       ||     3
         Summon Forest     |       |       |       |       |    24 ||    24
         Dispersal         |       |       |       |       |     1 ||     1
  Evoke: Wand              |       |       |       |     2 |     1 ||     3
    Use: Scroll            |     2 |       |     7 |    12 |     5 ||    26
         Potion            |       |       |       |     2 |     1 ||     3
   Stab: Sleeping          |     3 |     5 |     3 |    13 |     6 ||    30
         Distracted        |       |       |     1 |       |     5 ||     6
         Confused          |       |       |     6 |    53 |    17 ||    76
 Armour: Robe              |    24 |    24 |    60 |    21 |       ||   129
         Troll leather arm |       |       |       |   130 |   120 ||   250
  Dodge: Dodged            |    67 |    84 |   170 |   355 |   267 ||   943
  Block: Other             |    17 |    15 |    47 |    81 |    53 ||   213
         Reflection        |     1 |     1 |     1 |       |     4 ||     7
         Orb               |       |     4 |       |       |       ||     4

Table legend: (Time is in decaauts)
 A = Elapsed time spent in this place.
 B = Non-inter-level travel time spent in this place.
 C = Inter-level travel time spent in this place.
 D = Time resting spent in this place.
 E = Time spent auto-exploring this place.
 F = Levels seen in this place.
 G = Mean time per level.
                   A        B        C        D        E       F      G
               +--------+--------+--------+--------+--------+-----+--------+
         Total |  16405 |  16185 |    220 |   1088 |   2654 |  22 |  745.7 |
       Dungeon |   9611 |   9392 |    219 |    442 |   2620 |  13 |  739.3 |
        Temple |     18 |     18 |      0 |      0 |      0 |   1 |   18.0 |
          Lair |   3087 |   3087 |      0 |     31 |      0 |   5 |  617.4 |
  Orcish Mines |   2969 |   2969 |      0 |    330 |      0 |   2 | 1484.5 |
        Bailey |    718 |    718 |      0 |    285 |     34 |   1 |  718.0 |
               +--------+--------+--------+--------+--------+-----+--------+

Top non-repeatable levels by time:
   Orc:2: 2007 daAuts
     D:8: 1430 daAuts
     D:9: 1146 daAuts
   Orc:1: 961 daAuts
    D:10: 949 daAuts
  Lair:1: 937 daAuts
     D:6: 897 daAuts
     D:5: 891 daAuts
     D:7: 764 daAuts
  Lair:2: 761 daAuts
     D:3: 730 daAuts
  Bailey: 718 daAuts
     D:4: 684 daAuts
  Lair:4: 671 daAuts
  Lair:3: 550 daAuts
